 Dungeon Crawl Stone Soup version 0.29.0-15-g675c0067aa (webtiles) character file.

Game seed: 14128535735397464967

24306 qw the Severer (level 12, -3/110 HPs)
             Began as a Minotaur Berserker on Sept 11, 2022.
             Was a Priest of Trog.
             Slain by a six-headed hydra (10 damage)
             ... on level 4 of the Lair of Beasts.
             The game lasted 00:05:01 (16416 turns).

qw the Severer (Minotaur Berserker)                Turns: 16416, Time: 00:05:02

Health: -3/110     AC: 21    Str: 27    XL:     12   Next: 79%
Magic:  11/11      EV: 12    Int:  4    God:    Trog [***...]
Gold:   607        SH: 11    Dex: 10    Spells: 11/11 levels left

rFire   + . .      SeeInvis +   p - +0 hand axe (flame)
rCold   . . .      Faith    .   n - +0 kite shield
rNeg    + . .      Spirit   .   h - +0 plate armour
rPois   .          Reflect  .   (helmet restricted)
rElec   .          Harm     .   b - +1 cloak
rCorr   .          Rampage  .   t - +1 pair of gloves of the Stag {rF+ rN+ Stlth-}
Will    .....                   r - +0 pair of boots {Fly}
Stlth   ..........              c - amulet of the acrobat
HPRegen 0.28/turn               a - +4 ring of evasion
MPRegen 0.12/turn               g - ring of see invisible

@: about to teleport, on berserk cooldown, flying, slowed, very slow
A: horns 2, retaliatory headbutt
a: Renounce Religion, Berserk, Trog's Hand


You were on level 4 of the Lair of Beasts.
You worshipped Trog.
Trog was most pleased with you.
You visited 2 branches of the dungeon, and saw 15 of its levels.

You collected 854 gold pieces.
You spent 247 gold pieces at shops.


Innate Abilities, Weirdness & Mutations

You have a pair of horns on your head.
You reflexively headbutt those who attack you in melee.


   Skills:
 + Level 11.2 Fighting
 - Level 16.0 Axes
 - Level 5.5 Throwing
 - Level 11.0 Armour
 - Level 4.1 Dodging
 - Level 12.0 Shields


You had 11 spell levels left.
You didn't know any spells.
Your spell library was empty.

Inventory:

Hand Weapons
 p - a +0 hand axe of flaming (weapon)
 Y - a +2 war axe of protection
Missiles
 s - a boomerang
 v - 6 javelins (quivered)
Armour
 b - a +1 cloak (worn)
 h - a +0 plate armour (worn)
 n - a +0 kite shield (worn)
 r - a +0 pair of boots of flying (worn)
 t - the +1 pair of gloves of the Stag (worn) {rF+ rN+ Stlth-}
   (You found it on level 9 of the Dungeon)

   rF:        It protects you from fire.
   rN:        It protects you from negative energy.
   Stlth:     It makes you less stealthy.
Jewellery
 a - a +4 ring of evasion (left hand)
 c - an amulet of the acrobat (around neck)
 g - a ring of see invisible (right hand)
 j - a ring of fire
 l - a ring of positive energy
 q - a ring of willpower
 u - an amulet of guardian spirit
Scrolls
 d - 2 scrolls of identify
 e - 7 scrolls of teleportation
Potions
 f - 3 potions of might
 i - 5 potions of curing
 k - 4 potions of heal wounds
 m - 2 potions of haste
 o - a potion of cancellation

Dungeon Overview and Level Annotations

Branches:
Dungeon (11/15)            Temple (0/1) D:4            Lair (4/5) D:11
  Swamp (0/4) Lair:2       Spider (0/4) Lair:2          Orc (0/2) D:10
  Slime: Lair:4-5

Altars:
Fedhas
Gozag
Hepliaklqana
Kikubaaqudgha
Makhleb
Nemelex Xobeh
Qazlal
Ru
Sif Muna
Trog
Uskayaw
Wu Jian
Yredelemnul
The Shining One

Shops:
D:1 (   D:5 ?*=([   D:9 [   D:10 (


Message History

You block the seven-headed hydra's attack.
The seven-headed hydra bites you but does no damage.
The seven-headed hydra bites you.
You block the seven-headed hydra's attack.
The seven-headed hydra barely misses you.
The seven-headed hydra bites you!
The seven-headed hydra bites you but does no damage.
Your polar bear barely misses the death yak.
Your polar bear claws the death yak but does no damage.
Your polar bear claws the death yak.
You slash the death yak! You burn the death yak.
Your headbutt misses the death yak.
The death yak is moderately wounded.
You slash the death yak! You burn the death yak. You hit the death yak.
You burn the death yak.
You slice one of the seven-headed hydra's heads off!
The flame cauterises the wound!
You hit the six-headed hydra. You burn the six-headed hydra.
You hit the death yak but do no damage. The death yak closely misses you.
You block the death yak's attack. The death yak closely misses you.
The death yak barely misses you.
Your polar bear barely misses the death yak.
Your polar bear claws the death yak but does no damage.
Your polar bear barely misses the death yak.
The six-headed hydra completely misses you.
The six-headed hydra bites you. The six-headed hydra barely misses you.
The six-headed hydra bites you!
The six-headed hydra closely misses you.
You block the six-headed hydra's attack.
16416 ||| READING 8 scrolls of teleportation.
As you read the scroll of teleportation, it crumbles to dust.
You feel strangely unstable.
Your polar bear bites the death yak!
Your polar bear claws the death yak but does no damage.
Your polar bear claws the death yak.
The death yak gores you!! You block the death yak's attack.
The death yak gores you but does no damage.
The death yak closely misses you.
The six-headed hydra bites you but does no damage.
The six-headed hydra bites you!
You die...

#.......###
#...8...#.
#.......#.
#.8...8..
#........
#...8..Y#
#..?..YY## .##
#.Y@.##..#..
..#.#DY..#?...# .
#.....%h..##..#..
#...!##....#.....
...... #(.........
...... #....#.....
........#.........
........#.<.......
$................


You could see 5 death yaks, a six-headed hydra and a friendly polar bear
(summoned, berserk).

Vanquished Creatures
  A hydra (D:8)
  A boulder beetle (Lair:2)
  4 two-headed ogres
  A death yak (Lair:4)
  A slime creature (D:8)
  Urug (Lair:3)
  Sonja (D:11)
  A cyclops (D:11)
  A black mamba (Lair:1)
  2 rime drakes
  A kobold demonologist (D:10)
  3 komodo dragons
  A troll (D:11)
  A polar bear (Lair:1)
  12 blink frogs
  2 dream sheep (D:8)
  A shadow (D:7)
  A jumping spider (Lair:2)
  2 culicivoras (Lair:2)
  3 wraiths
  A basilisk (Lair:2)
  24 yaks
  4 redbacks (Lair:2)
  2 acid dragons
  8 water moccasins
  2 black bears
  7 orc warriors
  3 ogres
  3 wolves (Lair:1)
  8 kobold brigands
  8 bullfrogs
  2 gnoll sergeants
  A necrophage (D:3)
  A scorpion (Lair:2)
  18 killer bees
  3 howler monkeys
  A hound (D:7)
  3 jellies (D:8)
  A gnoll bouda (D:7)
  7 orc priests
  7 iguanas
  16 orc wizards
  4 hell rats (Lair:2)
  Robin (D:3)
  7 adders
  19 gnolls
  An ufetubus (D:6)
  2 worms (D:2)
  3 dart slugs
  42 orcs
  2 bats (D:2)
  15 endoplasms
  11 goblins
  17 hobgoblins
  3 jackals (D:1)
  3 quokkas
  6 ball pythons
  7 frilled lizards
  15 kobolds
  8 rats
337 creatures vanquished.

Vanquished Creatures (collateral kills)
  3 hydras
  A yak (D:11)
  An acid dragon (D:11)
  A black bear (D:11)
  An electric eel (Lair:2)
7 creatures vanquished.

Vanquished Creatures (others)
  24 fungi
  21 plants
  6 toadstools (D:8)
51 creatures vanquished.

Grand Total: 395 creatures vanquished

Notes
Turn   | Place    | Note
-------+----------+-------------------------------------------
     0 | D:1      | qw the Minotaur Berserker began the quest for the Orb.
     0 | D:1      | Reached XP level 1. HP: 19/19 MP: 0/0
     0 | D:1      | 0 ||| qw: Version: 0.1-a-119-g272c26d
     0 | D:1      | 0 ||| qw: Game counter: 10645
     0 | D:1      | 0 ||| qw: Always use a shield: true
     0 | D:1      | 0 ||| qw: Do Orc after D:15 true
     0 | D:1      | 0 ||| qw: Do second Lair branch before Depths: true
     0 | D:1      | 0 ||| qw: Lair rune preference: random
     0 | D:1      | 0 ||| qw: Plans: Normal
     0 | D:1      | 0 ||| PLANNING D:1-11
    66 | D:1      | Reached skill level 4 in Axes
   252 | D:1      | Reached XP level 2. HP: 20/26 MP: 1/1
   365 | D:1      | Found a faded altar of an unknown god.
   515 | D:1      | 515 ||| Stepping ~*~*~tactically~*~*~ (stealth).
   538 | D:1      | 538 ||| Stepping ~*~*~tactically~*~*~ (stealth).
   539 | D:1      | 539 ||| Stepping ~*~*~tactically~*~*~ (stealth).
   708 | D:1      | Found Xeyne's Antique Weapon Shop.
   717 | D:1      | 717 ||| SHOPLISTING club (33 gold, have 12).
   717 | D:1      | 717 ||| SHOPLISTING glowing whip (181 gold, have 12).
   717 | D:1      | 717 ||| SHOPLISTING mace (99 gold, have 12).
   717 | D:1      | 717 ||| SHOPLISTING runed flail (214 gold, have 12).
   717 | D:1      | 717 ||| SHOPLISTING whip (82 gold, have 12).
   865 | D:1      | 865 ||| UPGRADING to +0 chain mail.
   875 | D:1      | 875 ||| DROPPING +0 animal skin.
   876 | D:1      | 876 ||| UPGRADING to +0 plate armour.
   886 | D:1      | 886 ||| DROPPING +0 chain mail.
   887 | D:1      | 887 ||| READING scroll labelled FENECINUSS.
   888 | D:1      | 888 ||| READING scroll labelled ZUMAQI HARIU.
   889 | D:1      | 889 ||| READING scroll labelled KOCALO OSTADOOLA.
   890 | D:1      | 890 ||| READING scroll labelled MIOBI EWUBB.
   895 | D:1      | 895 ||| READING scroll labelled DUWIMA KEMOUF.
   896 | D:1      | 896 ||| DRINKING 2 sedimented green potions.
   918 | D:2      | 918 ||| STAIRDANCE
   945 | D:2      | Reached skill level 5 in Axes
   956 | D:2      | 956 ||| Stepping ~*~*~tactically~*~*~ (stealth).
   963 | D:2      | Reached XP level 3. HP: 29/31 MP: 2/2
  1219 | D:2      | Reached ** piety under Trog
  1221 | D:2      | 1221 ||| INVOKING Berserk.
  1335 | D:2      | 1335 ||| DROPPING +0 club.
  1446 | D:2      | 1446 ||| INVOKING Berserk.
  1601 | D:2      | 1601 ||| UPGRADING to amulet of the acrobat.
  1606 | D:2      | 1606 ||| UPGRADING to +4 ring of evasion.
  1607 | D:2      | 1607 ||| READING scroll labelled NUIGHAKIUPS.
  1608 | D:2      | 1608 ||| READING scroll labelled UDESOTZ DAAMA.
  1609 | D:2      | 1609 ||| READING scroll labelled SESAOD LAE.
  1610 | D:2      | 1610 ||| DRINKING 2 metallic pink potions.
  1680 | D:3      | Reached XP level 4. HP: 39/39 MP: 3/3
  1711 | D:3      | Reached skill level 6 in Axes
  1804 | D:3      | Found a bloodstained altar of Trog.
  1825 | D:3      | Noticed Robin
  1826 | D:3      | 1826 ||| Stepping ~*~*~tactically~*~*~ (stealth).
  1827 | D:3      | 1827 ||| Stepping ~*~*~tactically~*~*~ (stealth).
  1829 | D:3      | 1829 ||| Stepping ~*~*~tactically~*~*~ (hiding).
  1832 | D:3      | 1832 ||| INVOKING Berserk.
  1833 | D:3      | 1833 ||| INVOKING Berserk.
  1836 | D:3      | Killed Robin
  2050 | D:3      | Noticed a black bear
  2055 | D:3      | 2055 ||| INVOKING Berserk.
  2059 | D:3      | Killed a black bear
  2060 | D:3      | Reached skill level 7 in Axes
  2060 | D:3      | Reached XP level 5. HP: 45/45 MP: 4/4
  2074 | D:3      | 2074 ||| Stepping ~*~*~tactically~*~*~ (stealth).
  2194 | D:3      | You fall into a shaft and drop 2 floors!
  2194 | D:5      | Entered Level 5 of the Dungeon
  2194 | D:5      | Found Cealekla's Antique Weapon Shoppe.
  2195 | D:5      | 2195 ||| READING 2 scrolls of identify.
  2195 | D:5      | 2195 ||| IDENTIFYING metallic orange potion
  2196 | D:5      | 2196 ||| DROPPING potion of flight.
  2207 | D:4      | 2207 ||| FLEEEEING.
  2209 | D:4      | 2209 ||| FLEEEEING.
  2210 | D:4      | 2210 ||| FLEEEEING.
  2211 | D:4      | 2211 ||| STAIRDANCE
  2546 | D:3      | Reached skill level 3 in Armour
  2694 | D:3      | Found an ornate altar of the Wu Jian Council.
  2729 | D:3      | 2729 ||| DRINKING 2 red potions.
  2730 | D:3      | 2730 ||| DRINKING 2 orange potions.
  2731 | D:3      | 2731 ||| DROPPING potion of attraction.
  2758 | D:4      | 2758 ||| Stepping ~*~*~tactically~*~*~ (stealth).
  2793 | D:4      | 2793 ||| DROPPING +1 mace of draining.
  2843 | D:4      | 2843 ||| Stepping ~*~*~tactically~*~*~ (stealth).
  2857 | D:4      | 2857 ||| Stepping ~*~*~tactically~*~*~ (hiding).
  2865 | D:4      | Reached XP level 6. HP: 51/51 MP: 5/5
  2891 | D:4      | 2891 ||| Stepping ~*~*~tactically~*~*~ (stealth).
  3084 | D:4      | 3084 ||| INVOKING Berserk.
  3091 | D:4      | Reached *** piety under Trog
  3235 | D:4      | 3235 ||| DROPPING +2 mace of draining.
  3247 | D:4      | 3247 ||| Stepping ~*~*~tactically~*~*~ (stealth).
  3248 | D:4      | 3248 ||| Stepping ~*~*~tactically~*~*~ (stealth).
  3268 | D:4      | 3268 ||| Stepping ~*~*~tactically~*~*~ (hiding).
  3269 | D:4      | 3269 ||| Stepping ~*~*~tactically~*~*~ (hiding).
  3272 | D:4      | 3272 ||| Stepping ~*~*~tactically~*~*~ (hiding).
  3423 | D:4      | Found a staircase to the Ecumenical Temple.
  3510 | D:4      | Found a hide-covered altar of Uskayaw.
  3560 | D:4      | 3560 ||| Stepping ~*~*~tactically~*~*~ (hiding).
  3569 | D:4      | 3569 ||| INVOKING Berserk.
  3575 | D:4      | Reached skill level 8 in Axes
  3739 | D:4      | 3739 ||| READING scroll labelled ICUTOTWYQE.
  3740 | D:4      | 3740 ||| READING scroll labelled MEKOASA RALU.
  3741 | D:4      | 3741 ||| READING 2 scrolls of identify.
  3741 | D:4      | 3741 ||| IDENTIFYING coppery potion
  3742 | D:4      | 3742 ||| DROPPING potion of berserk rage.
  3743 | D:4      | 3743 ||| READING scroll of teleportation.
  3777 | D:5      | 3777 ||| STAIRDANCE
  3841 | D:5      | 3841 ||| SWAPPING to +2 hand axe of flaming.
  3842 | D:5      | 3842 ||| DROPPING +0 flail.
  3843 | D:5      | 3843 ||| DROPPING +1 hand axe.
  3856 | D:5      | 3856 ||| Stepping ~*~*~tactically~*~*~ (stealth).
  3858 | D:5      | 3858 ||| Stepping ~*~*~tactically~*~*~ (stealth).
  3860 | D:5      | 3860 ||| Stepping ~*~*~tactically~*~*~ (hiding).
  3864 | D:5      | 3864 ||| Stepping ~*~*~tactically~*~*~ (hiding).
  3868 | D:5      | 3868 ||| INVOKING Berserk.
  3881 | D:5      | 3881 ||| Stepping ~*~*~tactically~*~*~ (stealth).
  3882 | D:5      | 3882 ||| Stepping ~*~*~tactically~*~*~ (stealth).
  3987 | D:5      | 3987 ||| SWAPPING to +0 war axe of flaming.
  3988 | D:5      | 3988 ||| DROPPING +2 hand axe of flaming.
  3997 | D:5      | Found Docival's Assorted Antiques.
  4038 | D:5      | 4038 ||| BUYING cloak (103 gold).
  4038 | D:5      | Bought a cloak for 103 gold pieces
  4038 | D:5      | 4038 ||| BUYING potion of curing (69 gold).
  4038 | D:5      | Bought a potion of curing for 69 gold pieces
  4038 | D:5      | 4038 ||| SHOPLISTING potion of might (92 gold, have 71).
  4051 | D:5      | Reached skill level 9 in Axes
  4051 | D:5      | Reached XP level 7. HP: 51/59 MP: 6/6
  4130 | D:5      | Found a burning altar of Makhleb.
  4130 | D:5      | Noticed a blizzard demon
  4133 | D:5      | Noticed a hellwing
  4133 | D:5      | Noticed a ynoxinul
  4208 | D:5      | Found a shimmering blue altar of Sif Muna.
  4208 | D:5      | Found an ancient bone altar of Kikubaaqudgha.
  4211 | D:5      | Found Ishrirch's Jewellery Boutique.
  4216 | D:5      | 4216 ||| SHOPLISTING +4 ring of slaying (936 gold, have
                  | 87).
  4216 | D:5      | 4216 ||| SHOPLISTING amulet of regeneration (360 gold, have
                  | 87).
  4216 | D:5      | 4216 ||| SHOPLISTING ring of fire (300 gold, have 87).
  4216 | D:5      | 4216 ||| SHOPLISTING ring of resist corrosion (240 gold,
                  | have 87).
  4220 | D:5      | 4220 ||| Stepping ~*~*~tactically~*~*~ (stealth).
  4287 | D:5      | 4287 ||| UPGRADING to +0 cloak.
  4292 | D:5      | 4292 ||| READING 4 scrolls of identify.
  4292 | D:5      | 4292 ||| IDENTIFYING pink potion
  4293 | D:5      | 4293 ||| READING 3 scrolls of identify.
  4293 | D:5      | 4293 ||| IDENTIFYING bubbling brown potion
  4294 | D:5      | 4294 ||| READING 2 scrolls of identify.
  4294 | D:5      | 4294 ||| IDENTIFYING glowing grey potion
  4295 | D:5      | 4295 ||| DROPPING potion of invisibility.
  4296 | D:5      | 4296 ||| READING 2 scrolls of teleportation.
  4300 | D:5      | Found Tengergh's Magic Scroll Boutique.
  4308 | D:5      | 4308 ||| SHOPLISTING scroll of enchant weapon (112 gold,
                  | have 95).
  4308 | D:5      | 4308 ||| BUYING scroll of identify (30 gold).
  4308 | D:5      | Bought a scroll of identify for 30 gold pieces
  4308 | D:5      | 4308 ||| BUYING scroll of teleportation (45 gold).
  4308 | D:5      | Bought a scroll of teleportation for 45 gold pieces
  4369 | D:5      | Found Guni's Antique Armour Emporium.
  4378 | D:5      | 4378 ||| SHOPLISTING glowing chain mail (172 gold, have
                  | 20).
  4378 | D:5      | 4378 ||| SHOPLISTING pair of embroidered gloves (172 gold,
                  | have 20).
  4457 | D:5      | 4457 ||| READING 2 scrolls of identify.
  4457 | D:5      | 4457 ||| IDENTIFYING yellow potion
  4458 | D:5      | 4458 ||| DROPPING potion of magic.
  4635 | D:5      | 4635 ||| INVOKING Berserk.
  5074 | D:6      | 5074 ||| READING scroll of enchant weapon.
  5074 | D:6      | 5074 ||| ENCHANTING +0 war axe of flaming.
  5088 | D:6      | Found a sacrificial altar of Ru.
  5193 | D:6      | 5193 ||| INVOKING Berserk.
  5197 | D:6      | Reached skill level 10 in Axes
  5339 | D:6      | 5339 ||| INVOKING Berserk.
  5345 | D:6      | Reached skill level 6 in Fighting
  5345 | D:6      | Reached XP level 8. HP: 70/70 MP: 7/7
  5518 | D:6      | Found an opulent altar of Gozag.
  5670 | D:6      | Found a blossoming altar of Fedhas.
  5766 | D:6      | 5766 ||| UPGRADING to +0 kite shield.
  5771 | D:6      | 5771 ||| READING scroll labelled ZEQ ZUNYRE.
  5772 | D:6      | 5772 ||| READING 3 scrolls of identify.
  5772 | D:6      | 5772 ||| IDENTIFYING bubbling purple potion
  5773 | D:6      | 5773 ||| DROPPING potion of degeneration.
  5815 | D:7      | 5815 ||| INVOKING Berserk.
  5817 | D:7      | Reached skill level 1 in Shields
  5934 | D:7      | Found a basalt altar of Yredelemnul.
  6006 | D:7      | Found a sparkling altar of Nemelex Xobeh.
  6014 | D:7      | 6014 ||| READING scroll of enchant weapon.
  6014 | D:7      | 6014 ||| ENCHANTING +1 war axe of flaming.
  6044 | D:7      | Found a flagged portal.
  6052 | D:7      | Reached skill level 3 in Shields
  6122 | D:7      | 6122 ||| INVOKING Berserk.
  6268 | D:7      | 6268 ||| Stepping ~*~*~tactically~*~*~ (stealth).
  6313 | D:7      | 6313 ||| INVOKING Berserk.
  6322 | D:7      | Reached skill level 6 in Shields
  6367 | D:7      | 6367 ||| FLEEEEING.
  6368 | D:7      | 6368 ||| FLEEEEING.
  6369 | D:7      | 6369 ||| FLEEEEING.
  6370 | D:7      | 6370 ||| FLEEEEING.
  6374 | D:7      | 6374 ||| FLEEEEING.
  6375 | D:7      | 6375 ||| FLEEEEING.
  6376 | D:7      | 6376 ||| FLEEEEING.
  6377 | D:7      | 6377 ||| FLEEEEING.
  6378 | D:7      | 6378 ||| FLEEEEING.
  6379 | D:7      | 6379 ||| FLEEEEING.
  6380 | D:7      | 6380 ||| FLEEEEING.
  6381 | D:7      | 6381 ||| FLEEEEING.
  6382 | D:7      | 6382 ||| FLEEEEING.
  6383 | D:7      | 6383 ||| FLEEEEING.
  6384 | D:7      | 6384 ||| FLEEEEING.
  6385 | D:7      | 6385 ||| FLEEEEING.
  6386 | D:7      | 6386 ||| FLEEEEING.
  6387 | D:7      | 6387 ||| FLEEEEING.
  6388 | D:7      | 6388 ||| FLEEEEING.
  6389 | D:7      | 6389 ||| FLEEEEING.
  6390 | D:7      | 6390 ||| FLEEEEING.
  6391 | D:7      | 6391 ||| FLEEEEING.
  6392 | D:7      | 6392 ||| FLEEEEING.
  6393 | D:7      | 6393 ||| FLEEEEING.
  6394 | D:7      | 6394 ||| FLEEEEING.
  6395 | D:7      | 6395 ||| FLEEEEING.
  6396 | D:7      | 6396 ||| STAIRDANCE
  6500 | D:6      | 6500 ||| UPGRADING to ring of see invisible.
  6506 | D:7      | 6506 ||| INVOKING Berserk.
  6878 | D:7      | 6878 ||| READING 3 scrolls of identify.
  6878 | D:7      | 6878 ||| IDENTIFYING blue potion
  6879 | D:7      | 6879 ||| DROPPING potion of brilliance.
  6953 | D:8      | Reached skill level 11 in Axes
  6954 | D:8      | Noticed a dream sheep
  6956 | D:8      | Noticed a dream sheep
  6957 | D:8      | 6957 ||| Stepping ~*~*~tactically~*~*~ (stealth).
  6963 | D:8      | Killed a dream sheep
  6964 | D:8      | Reached XP level 9. HP: 67/75 MP: 8/8
  7040 | D:8      | Noticed a three-headed hydra
  7041 | D:8      | 7041 ||| INVOKING Berserk.
  7045 | D:8      | Killed a one-headed hydra
  7046 | D:8      | Reached skill level 9 in Shields
  7263 | D:8      | 7263 ||| READING scroll of enchant armour.
  7263 | D:8      | 7263 ||| ENCHANTING +0 cloak.
  7438 | D:8      | 7438 ||| INVOKING Berserk.
  7441 | D:8      | Reached skill level 12 in Axes
  7453 | D:8      | Killed a very large slime creature
  7454 | D:8      | Reached XP level 10. HP: 88/88 MP: 9/9
  7665 | D:8      | 7665 ||| Stepping ~*~*~tactically~*~*~ (stealth).
  7667 | D:8      | 7667 ||| Stepping ~*~*~tactically~*~*~ (stealth).
  7674 | D:8      | 7674 ||| FLEEEEING.
  7678 | D:8      | 7678 ||| FLEEEEING.
  7688 | D:8      | 7688 ||| STAIRDANCE
  7769 | D:7      | 7769 ||| DROPPING amulet of faith.
  7770 | D:7      | 7770 ||| READING scroll labelled ENIDIN HOPA.
  7948 | D:7      | 7948 ||| READING scroll labelled UGUEZXIBLI.
  7973 | D:7      | 7973 ||| DROPPING +0 whip.
  7974 | D:7      | 7974 ||| READING scroll labelled KARI ZENIFONYE.
  8026 | D:8      | Reached **** piety under Trog
  8027 | D:8      | Found a hazy altar of Hepliaklqana.
  8034 | D:8      | Reached skill level 6 in Armour
  8116 | D:8      | 8116 ||| Stepping ~*~*~tactically~*~*~ (hiding).
  8118 | D:8      | 8118 ||| INVOKING Berserk.
  8242 | D:8      | Found a glowing golden altar of the Shining One.
  8607 | D:8      | 8607 ||| DROPPING +0 flail.
  8865 | D:9      | 8865 ||| Stepping ~*~*~tactically~*~*~ (stealth).
  8888 | D:9      | 8888 ||| FLEEEEING.
  9045 | D:9      | Found Ekhipteu's Antique Armour Shop.
  9053 | D:9      | 9053 ||| SHOPLISTING glowing chain mail (172 gold, have
                  | 156).
  9108 | D:9      | Identified the +3 leather armour of the Wasteland {Regen+
                  | Slay+2 Stlth-}
  9113 | D:9      | 9113 ||| DRINKING 4 potions of curing.
  9113 | D:9      | 9113 ||| (to cure confusion)
  9137 | D:9      | Reached skill level 13 in Axes
  9178 | D:9      | Identified the +1 pair of gloves of the Stag {rF+ rN+
                  | Stlth-}
  9186 | D:9      | 9186 ||| Stepping ~*~*~tactically~*~*~ (hiding).
  9192 | D:9      | 9192 ||| Stepping ~*~*~tactically~*~*~ (stealth).
  9193 | D:9      | 9193 ||| INVOKING Berserk.
  9198 | D:9      | Reached skill level 1 in Throwing
  9275 | D:9      | 9275 ||| Stepping ~*~*~tactically~*~*~ (stealth).
  9421 | D:9      | 9421 ||| UPGRADING to +0 pair of boots of flying.
  9426 | D:9      | 9426 ||| UPGRADING to +1 pair of gloves of the Stag {rF+
                  | rN+ Stlth-}.
  9431 | D:9      | 9431 ||| READING 3 scrolls of identify.
  9431 | D:9      | 9431 ||| IDENTIFYING metallic sapphire potion
  9432 | D:9      | 9432 ||| READING 2 scrolls of identify.
  9432 | D:9      | 9432 ||| IDENTIFYING green potion
  9433 | D:9      | 9433 ||| DROPPING potion of lignification.
  9434 | D:9      | 9434 ||| DROPPING potion of ambrosia.
  9438 | D:10     | Entered Level 10 of the Dungeon
  9474 | D:10     | 9474 ||| Stepping ~*~*~tactically~*~*~ (stealth).
  9494 | D:10     | Reached ***** piety under Trog
  9514 | D:10     | 9514 ||| Stepping ~*~*~tactically~*~*~ (stealth).
  9520 | D:10     | Found Pugatol's Weapon Shoppe.
  9520 | D:10     | Found a staircase to the Orcish Mines.
  9521 | D:10     | 9521 ||| Stepping ~*~*~tactically~*~*~ (stealth).
  9531 | D:10     | 9531 ||| INVOKING Berserk.
  9541 | D:10     | Reached skill level 14 in Axes
  9703 | D:10     | Noticed a two-headed ogre
  9705 | D:10     | 9705 ||| INVOKING Berserk.
  9709 | D:10     | Killed a two-headed ogre
  9861 | D:10     | 9861 ||| Stepping ~*~*~tactically~*~*~ (stealth).
  9875 | D:10     | 9875 ||| INVOKING Berserk.
  9880 | D:10     | Reached XP level 11. HP: 94/94 MP: 10/10
 10030 | D:10     | Found a stormy altar of Qazlal.
 10101 | D:10     | 10101 ||| Stepping ~*~*~tactically~*~*~ (stealth).
 10102 | D:10     | 10102 ||| Stepping ~*~*~tactically~*~*~ (stealth).
 10186 | D:10     | 10186 ||| Stepping ~*~*~tactically~*~*~ (hiding).
 10190 | D:10     | 10190 ||| INVOKING Berserk.
 10213 | D:10     | 10213 ||| Stepping ~*~*~tactically~*~*~ (stealth).
 10370 | D:10     | 10370 ||| Stepping ~*~*~tactically~*~*~ (stealth).
 10371 | D:10     | 10371 ||| Stepping ~*~*~tactically~*~*~ (stealth).
 10464 | D:10     | 10464 ||| FLEEEEING.
 10465 | D:10     | 10465 ||| FLEEEEING.
 10466 | D:10     | 10466 ||| FLEEEEING.
 10467 | D:10     | 10467 ||| FLEEEEING.
 10478 | D:10     | 10478 ||| Stepping ~*~*~tactically~*~*~ (hiding).
 10485 | D:10     | Reached skill level 15 in Axes
 10704 | D:11     | Noticed a two-headed ogre
 10708 | D:11     | 10708 ||| INVOKING Berserk.
 10712 | D:11     | Killed a two-headed ogre
 10915 | D:11     | 10915 ||| Stepping ~*~*~tactically~*~*~ (stealth).
 10920 | D:11     | Noticed an eight-headed hydra
 10921 | D:11     | 10921 ||| Stepping ~*~*~tactically~*~*~ (stealth).
 10924 | D:11     | 10924 ||| INVOKING Berserk.
 10928 | D:11     | Reached skill level 9 in Fighting
 11050 | D:11     | 11050 ||| INVOKING Brothers in Arms.
 11054 | D:11     | 11054 ||| SWAPPING to +0 hand axe of flaming.
 11055 | D:11     | 11055 ||| INVOKING Berserk.
 11055 | D:11     | Killed an eight-headed hydra
 11060 | D:11     | 11060 ||| SWAPPING to +2 war axe of protection.
 11068 | D:11     | 11068 ||| Stepping ~*~*~tactically~*~*~ (hiding).
 11071 | D:11     | Noticed Sonja
 11087 | D:11     | Killed Sonja
 11090 | D:11     | HP: 23/97 [poisoned by Sonja]
 11095 | D:11     | HP: 17/97 [poisoned by Sonja]
 11453 | D:11     | Found a bloodstained altar of Trog.
 11460 | D:11     | 11460 ||| Stepping ~*~*~tactically~*~*~ (stealth).
 11547 | D:11     | 11547 ||| INVOKING Berserk.
 11727 | D:11     | 11727 ||| INVOKING Berserk.
 11842 | D:11     | Noticed a two-headed ogre
 11846 | D:11     | 11846 ||| INVOKING Berserk.
 11849 | D:11     | Killed a two-headed ogre
 11850 | D:11     | Reached skill level 16 in Axes
 12099 | D:11     | Found a staircase to the Lair.
 12100 | D:11     | 12100 ||| INVOKING Berserk.
 12236 | D:11     | Noticed a two-headed ogre
 12240 | D:11     | 12240 ||| INVOKING Berserk.
 12243 | D:11     | Killed a two-headed ogre
 12244 | D:11     | Reached skill level 9 in Armour
 12564 | D:11     | 12564 ||| PLANNING LAIR
 12564 | D:11     | 12564 ||| READING scroll labelled RYKLAH VULAWNE.
 12585 | Lair:1   | Entered Level 1 of the Lair of Beasts
 12608 | Lair:1   | 12608 ||| Stepping ~*~*~tactically~*~*~ (stealth).
 12710 | Lair:1   | 12710 ||| INVOKING Berserk.
 12823 | Lair:1   | 12823 ||| Stepping ~*~*~tactically~*~*~ (stealth).
 12825 | Lair:1   | 12825 ||| INVOKING Berserk.
 12844 | Lair:1   | 12844 ||| Stepping ~*~*~tactically~*~*~ (stealth).
 12886 | Lair:1   | 12886 ||| INVOKING Berserk.
 13029 | Lair:1   | 13029 ||| Stepping ~*~*~tactically~*~*~ (stealth).
 13038 | Lair:1   | 13038 ||| INVOKING Berserk.
 13044 | Lair:1   | Reached XP level 12. HP: 106/106 MP: 11/11
 13178 | Lair:1   | 13178 ||| Stepping ~*~*~tactically~*~*~ (stealth).
 13294 | Lair:1   | 13294 ||| Stepping ~*~*~tactically~*~*~ (stealth).
 13295 | Lair:1   | 13295 ||| Stepping ~*~*~tactically~*~*~ (stealth).
 13342 | Lair:1   | 13342 ||| Stepping ~*~*~tactically~*~*~ (stealth).
 13346 | Lair:1   | 13346 ||| INVOKING Berserk.
 13840 | Lair:2   | Noticed a six-headed hydra
 13841 | Lair:2   | 13841 ||| INVOKING Brothers in Arms.
 13842 | Lair:2   | 13842 ||| SWAPPING to +0 hand axe of flaming.
 13843 | Lair:2   | 13843 ||| INVOKING Berserk.
 13844 | Lair:2   | Killed a five-headed hydra
 13850 | Lair:2   | 13850 ||| SWAPPING to +2 war axe of protection.
 13865 | Lair:2   | 13865 ||| FLEEEEING.
 13870 | Lair:2   | 13870 ||| STAIRDANCE
 14075 | Lair:2   | Found a staircase to the Swamp.
 14094 | Lair:2   | 14094 ||| DRINKING 3 potions of cancellation.
 14095 | Lair:2   | 14095 ||| DRINKING 2 potions of cancellation.
 14149 | Lair:2   | Noticed a boulder beetle
 14152 | Lair:2   | 14152 ||| Stepping ~*~*~tactically~*~*~ (stealth).
 14155 | Lair:2   | 14155 ||| INVOKING Berserk.
 14165 | Lair:2   | Killed a boulder beetle
 14416 | Lair:2   | Found a hole to the Spider Nest.
 14417 | Lair:2   | 14417 ||| Stepping ~*~*~tactically~*~*~ (stealth).
 14418 | Lair:2   | 14418 ||| Stepping ~*~*~tactically~*~*~ (stealth).
 14421 | Lair:2   | 14421 ||| Stepping ~*~*~tactically~*~*~ (stealth).
 14422 | Lair:2   | 14422 ||| Stepping ~*~*~tactically~*~*~ (stealth).
 14441 | Lair:2   | 14441 ||| INVOKING Berserk.
 15185 | Lair:3   | Reached skill level 12 in Shields
 15254 | Lair:3   | Noticed Urug
 15255 | Lair:3   | 15255 ||| Stepping ~*~*~tactically~*~*~ (hiding).
 15256 | Lair:3   | 15256 ||| Stepping ~*~*~tactically~*~*~ (hiding).
 15258 | Lair:3   | 15258 ||| INVOKING Berserk.
 15265 | Lair:3   | Killed Urug
 15740 | Lair:3   | 15740 ||| INVOKING Berserk.
 15859 | Lair:3   | 15859 ||| INVOKING Berserk.
 15864 | Lair:3   | Reached skill level 3 in Throwing
 16262 | Lair:3   | 16262 ||| READING scroll labelled HEATANN MOEHES.
 16390 | Lair:4   | Noticed an eight-headed hydra
 16391 | Lair:4   | 16391 ||| INVOKING Brothers in Arms.
 16393 | Lair:4   | 16393 ||| SWAPPING to +0 hand axe of flaming.
 16394 | Lair:4   | 16394 ||| INVOKING Berserk.
 16395 | Lair:4   | Noticed a death yak
 16396 | Lair:4   | Killed a six-headed hydra
 16399 | Lair:4   | Noticed a death yak
 16400 | Lair:4   | Noticed a death yak
 16401 | Lair:4   | Noticed a death yak
 16404 | Lair:4   | Killed a death yak
 16404 | Lair:4   | Noticed a death yak
 16405 | Lair:4   | Noticed a death yak
 16405 | Lair:4   | Noticed a seven-headed hydra
 16406 | Lair:4   | 16406 ||| SWAPPING to +2 war axe of protection.
 16409 | Lair:4   | 16409 ||| INVOKING Brothers in Arms.
 16410 | Lair:4   | 16410 ||| INVOKING Brothers in Arms.
 16411 | Lair:4   | 16411 ||| INVOKING Brothers in Arms.
 16412 | Lair:4   | 16412 ||| INVOKING Brothers in Arms.
 16413 | Lair:4   | 16413 ||| INVOKING Brothers in Arms.
 16414 | Lair:4   | 16414 ||| SWAPPING to +0 hand axe of flaming.
 16415 | Lair:4   | HP: 25/110 [six-headed hydra (9)]
 16416 | Lair:4   | 16416 ||| READING 8 scrolls of teleportation.
 16416 | Lair:4   | HP: 7/110 [death yak (19)]
 16416 | Lair:4   | Slain by a six-headed hydra

Levels and vault maps discovered:
D:1:      lemuel_arrival_cross, layout_basic,
          shapermc_ecumenical_altar_mp_urbaneastern, serial_shops, shop
D:2:      layout_rooms, minmay_increasing_density
D:3:      layout_basic, lemuel_crystal_altar, nzn_wu_jian_council_hall,
          roderic_roman_lattice, minmay_lizard_king, uniq_robin
D:4:      layout_cave_pools, marbit_many_paths, minmay_temple_entry_nine_rooms,
          chequers_decorated_corner
D:5:      layout_rooms, overflow_temple_1_default, makhleb_altar_promises_db,
          mainiacjoe_overflow_alcove_4, serial_shops, shop,
          nicolae_shop_hallway_plus, shop, nicolae_shop_hallway_stairs, shop
D:6:      layout_gridville, nicolae_overflow_crystal_walls, lemuel_doored_altar,
          fedhas_altar_fruit_tree, amethyst_killhole
D:7:      layout_basic, mainiacjoe_overflow_24_doors,
          mainiacjoe_overflow_catwalk, enter_bailey_7
D:8:      cheibrodos_fertilizer, layout_basic, nicolae_tso_swordbearing_angel,
          mainiacjoe_overflow_concentric_impassable, hangedman_ranch
D:9:      layout_cave_pools, serial_shops, nicolae_shop_stone, feat_on_display
D:10:     layout_roguey, mainiacjoe_overflow_six_doors_small, orc_david_3
D:11:     layout_irregular_city, grunt_lair_entry_orc_guard_hut,
          trog_hazing_becter, uniq_sonja
Lair:1:   layout_regular_city
Lair:2:   layout_roguey, swamp_mist_pool, nicolae_spider_entry_tight_spaces
Lair:3:   layout_regular_city, uniq_urug
Lair:4:   layout_cave_pods, maelrawn_ghost_gauntlet_escape, lemuel_fruit_tree,
          grunt_megastairs_4

Skill      XL: |  1  2  3  4  5  6  7  8  9 10 11 12 |
---------------+-------------------------------------+-----
Axes           | 4 5 7 9 10 11 12 14 16 | 16.0
Armour         | 3 4 5 8 9 11 | 11.0
Fighting       | 4 6 7 8 10 11 | 11.2
Shields        | 7 9 10 12 | 12.0
Throwing       | 1 5 |  5.5
Dodging        | 4 |  4.1

Action                   |  1- 3 |  4- 6 |  7- 9 | 10-12 || total
-------------------------+-------+-------+-------+-------++-------
Melee: Hand axe          |    73 |   128 |       |     9 ||   210
       Headbutt          |     5 |    22 |    23 |    85 ||   135
       War axe           |       |     7 |   130 |   474 ||   611
       Punch             |       |     1 |       |       ||     1
Throw: Boomerang         |       |       |       |    75 ||    75
       Javelin           |       |       |       |     9 ||     9
Invok: Berserk           |     2 |     5 |     9 |    26 ||    42
       Brothers in Arms  |       |       |       |     4 ||     4
  Use: Scroll            |     8 |     5 |    11 |     8 ||    32
       Potion            |     2 |     2 |       |     3 ||     7
Armor: Animal skin       |     4 |       |       |       ||     4
       Plate armour      |    21 |    55 |    44 |   192 ||   312
Dodge: Dodged            |    25 |    54 |    43 |   199 ||   321
Block: Kite shield       |       |       |    33 |   246 ||   279

Table legend:
 A = Non-vault XP
 B = Vault XP
 C = Vault XP percentage of total XP
 D = Non-vault monster count
 E = Vault monster count
 F = Vault count percentage of total count
                 A         B        C        D         E       F
            +---------+---------+-------+---------+---------+-------
      Total |   26680 |    8044 |  23.2 |     272 |      72 |  20.9
            +---------+---------+-------+---------+---------+-------
        D:1 |      32 |       0 |   0.0 |      18 |       0 |   0.0
        D:2 |      36 |      23 |  39.0 |      11 |       7 |  38.9
        D:3 |     244 |      31 |  11.3 |      19 |      12 |  38.7
        D:4 |     220 |       2 |   0.9 |      26 |       1 |   3.7
        D:5 |     509 |       0 |   0.0 |      17 |       0 |   0.0
        D:6 |     430 |       0 |   0.0 |      10 |       0 |   0.0
        D:7 |    1094 |      45 |   4.0 |      20 |       4 |  16.7
        D:8 |     598 |    3003 |  83.4 |      12 |      21 |  63.6
        D:9 |    1607 |       0 |   0.0 |      33 |       0 |   0.0
       D:10 |    4933 |     137 |   2.7 |      37 |       5 |  11.9
       D:11 |    4607 |    1642 |  26.3 |      16 |      12 |  42.9
     Lair:1 |    4674 |       0 |   0.0 |      21 |       0 |   0.0
     Lair:2 |    3982 |    1407 |  26.1 |      19 |       7 |  26.9
     Lair:3 |    2834 |     788 |  21.8 |      12 |       1 |   7.7
     Lair:4 |     880 |     966 |  52.3 |       1 |       2 |  66.7
            +---------+---------+-------+---------+---------+-------
